 Dungeon Crawl Stone Soup version 0.30-a0-368-g86fb4627a9 (webtiles) character file.

Game seed: 9537539599235854447

47812 funkygono the Thaumaturge (level 14, -7/91 HPs)
             Began as a Demonspawn Fire Elementalist on Nov 18, 2022.
             Was an Elder of Vehumet.
             Mangled by a sun demon (20 damage)
             ... summoned by an obsidian statue
             ... on level 5 of the Lair of Beasts.
             The game lasted 00:40:57 (20521 turns).

funkygono the Thaumaturge (DsFE)                   Turns: 20521, Time: 00:40:58

Health: -7/91      AC: 12    Str: 12    XL:     14   Next: 9%
Magic:  32/32      EV: 17    Int: 21    God:    Vehumet [****..]
Gold:   1076       SH:  0    Dex: 23    Spells: 18/41 levels left

rFire   x . .      SeeInvis .    t - +10 whip of Spores {vorpal, rF- rN+ Dex+3}
rCold   . . .      Faith    .    (no shield)
rNeg    + . .      Spirit   .    b - +1 ring mail "Wicof" {Fly Dex+5 Slay-3}
rPois   .          Reflect  .    (no helmet)
rElec   .          Harm     .    (cloak unavailable)
rCorr   +          Rampage  .    (no gloves)
Will    +....                    x - +1 pair of boots
Stlth   ++........               C - amulet of regeneration
HPRegen 1.15/turn                c - ring of Palask {rCorr Str+4}
MPRegen 0.23/turn                J - +4 ring of evasion

@: about to teleport, flying, studying Necromancy
A: slimy green scales 2, icemail 2, spiny 1, condensation shield, weakness
stinger 3
a: Renounce Religion


You were on level 5 of the Lair of Beasts.
You worshipped Vehumet.
Vehumet was greatly pleased with you.
You visited 3 branches of the dungeon, and saw 17 of its levels.
You also visited: Sewer.

You collected 1076 gold pieces.

Inventory:

Hand Weapons
 t - the +10 whip of Spores (weapon) {vorpal, rF- rN+ Dex+3}
   (You found it on level 5 of the Dungeon)

   It inflicts extra damage upon your enemies.
   Dex:       It affects your dexterity (+3).
   rF:        It makes you vulnerable to fire.
   rN:        It protects you from negative energy.
 w - a +4 quarterstaff of flaming
Armour
 b - the +1 ring mail "Wicof" (worn) {Fly Dex+5 Slay-3}
   (You found it on level 3 of the Dungeon)

   Dex:       It affects your dexterity (+5).
   Slay:      It affects your accuracy & damage with ranged weapons and melee
   (-3).
   Fly:       It grants you flight.
 f - a +2 robe of cold resistance
 m - a +3 ring mail of cold resistance
 v - a +0 robe of the Archmagi
 x - a +1 pair of boots (worn)
Jewellery
 c - the ring of Palask (left hand) {rCorr Str+4}
   (You acquired it on level 3 of the Dungeon)

   [ring of resist corrosion]

   Str:       It affects your strength (+4).
   rCorr:     It protects you from acid and corrosion.
 e - a ring of ice
 j - a ring of ice
 q - an amulet of the acrobat
 C - an amulet of regeneration (around neck)
 J - a +4 ring of evasion (right hand)
Wands
 o - a wand of polymorph (7)
 r - a wand of digging (4)
 s - a wand of iceblast (1)
 G - a wand of flame (45)
 I - a wand of paralysis (15)
 L - a wand of light (7)
 M - a wand of mindburst (7)
Scrolls
 k - 2 scrolls of brand weapon
 p - 7 scrolls of teleportation
 u - 3 scrolls of amnesia
 y - 4 scrolls of butterflies
 B - 4 scrolls of fear
 D - a scroll of silence
 F - 5 scrolls of blinking
 H - 3 scrolls of magic mapping
 N - 3 scrolls of identify
 O - a scroll of enchant armour
Potions
 a - a potion of mutation
 d - 2 potions of might
 g - 3 potions of flight
 h - 3 potions of haste
 i - 4 potions of curing
 l - a potion of resistance
 n - a potion of heal wounds
 z - 2 potions of ambrosia
 A - 2 potions of cancellation
 E - a potion of brilliance {unknown}
 K - 2 potions of berserk rage


   Skills:
 + Level 2.5 Fighting
 + Level 1.9(2.0) Maces & Flails
 + Level 0.3(1.2) Staves
 + Level 6.4 Armour
 + Level 3.9 Dodging
 - Level 1.7 Stealth
 + Level 1.6 Shields
 + Level 14.2 Spellcasting
 + Level 8.9 Conjurations
 + Level 1.1 Necromancy
 + Level 1.2 Transmutations
 + Level 12.7 Fire Magic
 + Level 1.9 Earth Magic
 * Level 6.1 Poison Magic


You had 18 spell levels left.
You knew the following spells:

 Your Spells              Type           Power      Damage    Failure   Level
a - Foxfire               Conj/Fire      100%       2x1d9     1%          1
b - Scorch                Fire           100%       2d10      1%          2
c - Flame Wave            Conj/Fire      57%        2d14      1%          4
d - Sublimation of Blood  Necr           19%        N/A       9%          2
e - Magic Dart            Conj           100%       1d8       1%          1
f - Sandblast             Erth           46%        2d11      1%          1
g - Stone Arrow           Conj/Erth      74%        3d11      1%          3
h - Searing Ray           Conj           100%       2d8       1%          2
i - Ignite Poison         Fire/Tmut/Pois 43%        N/A       1%          3
j - Olgreb's Toxic Radia  Pois           40%        N/A       1%          4

Your spell library contained the following spells:

 Spells                   Type           Power      Damage    Failure   Level
 Yara's Violent Unravell  Hex/Tmut       8%         3d5       41%         5
 Inner Flame              Hex/Fire       41%        N/A       1%          3
 Kindle Blastsparks       Fire/Tloc/Air  64%        2d15      1%          3
 Passwall                 Tmut/Erth      17%        N/A       7%          2
 Wereblood                Tmut           20%        N/A       8%          2
 Arcjolt                  Conj/Air       16%        1d26      11%         5
 Vhi's Electric Charge    Tloc/Air       28%        N/A       26%         3
 Summon Forest            Summ/Tloc      7%         N/A       94%         5
 Summon Mana Viper        Hex/Summ       14%        N/A       94%         5
 Summon Cactus Giant      Summ           7%         N/A       100%        6
 Summon Hydra             Summ           7%         N/A       100%        7
 Maxwell's Capacitive Co  Air            7%         ∞         100%        8


Dungeon Overview and Level Annotations

Branches:
Dungeon (11/15)            Temple (1/1) D:6            Lair (5/5) D:8
  Swamp (0/4) Lair:2       Spider (0/4) Lair:2        Slime (0/5) Lair:5
    Orc (0/2) D:11          Sewer (visited)

Altars:
Ashenzari
Cheibriados
Dithmenos
Fedhas
Gozag
Hepliaklqana
Kikubaaqudgha
Makhleb
Nemelex Xobeh
Okawaru
Qazlal
Ru
Sif Muna
Trog
Uskayaw
Vehumet
Wu Jian
Xom
Yredelemnul
Jiyva

Shops:
D:5 (   D:6 *

Annotations:
D:11 1 runed translucent door
Lair:5 exclusion: obsidian statue


Innate Abilities, Weirdness & Mutations

You are mostly covered in slimy green scales. (AC +3)
A meltable icy envelope protects you from harm. (AC +0)
You are partially covered in sharp spines.
A meltable shield of frost defends you. (SH +0)
You have a sharp stinger which inflicts weakening toxins.


Message History

The quasit attacks as you move away!
The quasit bites you but does no damage.
The quasit closely misses you. x2; The withered plant crumbles away.
The quasit barely misses you. x2; The quasit misses you.
The quasit bites you but does no damage.
The quasit claws you but does no damage. x2
The quasit attacks as you move away!
The quasit bites you but does no damage.
The quasit claws you but does no damage. x2
The quasit attacks as you move away! You block the quasit's attack.
The quasit misses you. x2
You block the quasit's attack. The quasit closely misses you. x2
There is a large open door here.
The quasit misses you. x2; You block the quasit's attack.
The quasit misses you. x2
The quasit barely misses you. The quasit attacks as you move away!
The quasit is struck by your spines. The quasit completely misses you.
The quasit claws you but does no damage. x2
The quasit completely misses you. The quasit barely misses you. x2
The sun demon attacks as you move away! The sun demon misses you.
The sun demon attacks as you move away! The sun demon hits you!
You are engulfed in flames!!
Your icy defenses dissipate!
The fire burns you terribly!
You hit the sun demon but do no damage.
You tail-slap the sun demon, but do no damage.
The sun demon hits you!
You are engulfed in flames!
The fire burns you terribly!
* * * LOW HITPOINT WARNING * * *
You hit the sun demon.
Your tail-slap misses the sun demon.
The sun demon is lightly wounded.
The sun demon completely misses you. The sun demon is struck by your spines.
The sun demon misses you.
You feel much better. The sun demon hits you!
You are engulfed in flames!!
The fire burns you terribly!
* * * LOW HITPOINT WARNING * * *
As you read the scroll of teleportation, it crumbles to dust.
You feel strangely unstable. The sun demon is struck by your spines.
The sun demon hits you!!
You die...

...#..#...##..## #...#....P...###
..#########....# #..###.#....##..
..## #..#####....#.##....... ...#
#..# #...........P..## ..#####
##.####....P...#.......
#..##.#####....#..##..P..P.#...#.
#......#.....................#...
.†.♣########...########♣...#...♣#
..###...........@34.5.###....♣###
♣##...#####8.⌠.8#####...##♣♣♣##P.
###.###..###8.8###.~###.#### #P.
....#....8#######.~~~~#....####..
.####....)#8...8#≈≈≈≈P####5...#'#
##..#.)...#....)'≈≈≈~.#8.####5#.#
....'....8#.....'~≈~..'.....#...#
....##...##8...8##~~.##8....#..8#
##########################''#4'##


You could see a sun demon (summoned), a chaos spawn (summoned) and a quasit
(summoned).

Vanquished Creatures
  2 dire elephants (Lair:5)
  Fannar (Lair:1)
  Snorg (Lair:3)
  4 hydras
  Erica (Lair:1)
  3 boulder beetles
  A death yak (Lair:5)
  4 two-headed ogres
  Sonja (D:11)
  Nergalle (Lair:1)
  A spectral anaconda (Lair:5)
  2 spectral death yaks (Lair:5)
  A bog body (Lair:2)
  4 necromancers (Lair:5)
  An ugly thing (D:9)
  3 oklob plants
  A manticore (D:11)
  2 cyclopes
  16 elephants
  8 black mambas
  A dire elephant zombie (Lair:5)
  A torpor snail (Lair:5)
  Joseph (D:7)
  8 cane toads
  A dire elephant skeleton (Lair:5)
  A rime drake (Lair:2)
  3 kobold demonologists (D:9)
  9 komodo dragons
  4 trolls
  A polar bear (Lair:3)
  A hornet (D:8)
  3 dream sheep (Lair:5)
  3 jumping spiders (Lair:2)
  6 culicivoras (Lair:2)
  A slime creature (Lair:5)
  Sigmund (D:3)
  24 yaks
  A wyvern (Lair:5)
  2 basilisks
  A wraith (D:10)
  A hog (Lair:4)
  Eustachio (D:5)
  A steam dragon (D:7)
  2 vampire mosquitoes (D:6)
  A redback (Lair:2)
  3 wargs
  Edmund (D:5)
  A swamp worm (Lair:2)
  10 water moccasins
  4 orc warriors (D:11)
  An ice beast (D:7)
  A black bear (D:6)
  An elephant zombie (Lair:5)
  2 ogres
  A centaur (D:8)
  15 wolves
  2 phantoms
  7 kobold brigands
  12 bullfrogs
  A necrophage (D:3)
  A cane toad simulacrum (Lair:5)
  12 killer bees (D:9)
  An elephant simulacrum (Lair:5)
  An electric eel (Lair:2)
  A howler monkey (D:8)
  4 hounds
  6 jellies
  5 orc priests
  Crazy Yiuf (D:3)
  2 iguanas
  A hell rat (Sewer)
  7 orc wizards
  Ijyb (D:3)
  3 gnolls (D:5)
  10 adders
  2 river rats (Sewer)
  A white imp (D:7)
  2 worms (D:4)
  A dart slug (D:2)
  38 orcs
  4 endoplasms
  5 giant cockroaches
  10 goblins
  10 hobgoblins
  4 jackals (D:4)
  3 quokkas
  11 ball pythons
  7 bats
  4 frilled lizards
  26 kobolds
  10 rats
393 creatures vanquished.

Vanquished Creatures (collateral kills)
  19 foxfires
19 creatures vanquished.

Vanquished Creatures (others)
  A bush (Lair:5)
  1338 foxfires
  42 fungi
  48 plants
  28 withered plants (Lair:5)
1457 creatures vanquished.

Grand Total: 1869 creatures vanquished

Notes
Turn   | Place    | Note
-------+----------+-------------------------------------------
     0 | D:1      | funkygono the Demonspawn Fire Elementalist began the quest
                  | for the Orb.
     0 | D:1      | Reached XP level 1. HP: 13/13 MP: 3/3
   284 | D:1      | Gained mutation: You have a small tail. [demonic ancestry]
   284 | D:1      | Reached XP level 2. HP: 19/19 MP: 1/5
   287 | D:1      | Learned a level 2 spell: Scorch
   725 | D:1      | Found a faded altar of an unknown god.
  1089 | D:2      | Gained mutation: You are partially covered in slimy green
                  | scales. (AC +2) [demonic ancestry]
  1089 | D:2      | Reached XP level 3. HP: 24/24 MP: 3/6
  1560 | D:2      | Reached XP level 4. HP: 30/30 MP: 4/8
  2039 | D:3      | Learned a level 4 spell: Flame Wave
  2089 | D:3      | Found a runed translucent door.
  2090 | D:3      | Noticed Crazy Yiuf
  2127 | D:3      | Noticed Ijyb
  2140 | D:3      | Killed Ijyb
  2141 | D:3      | Reached skill level 3 in Spellcasting
  2253 | D:3      | Noticed Sigmund
  2262 | D:3      | Killed Sigmund
  2263 | D:3      | Gained mutation: You are partially covered in sharp spines.
                  | [demonic ancestry]
  2263 | D:3      | Reached XP level 5. HP: 22/35 MP: 6/10
  2263 | D:3      | Gained mutation: You have a tail ending in a sharp stinger.
                  | [demonic ancestry]
  2263 | D:3      | Reached XP level 6. HP: 26/41 MP: 6/11
  2345 | D:3      | Identified the +1 ring mail "Wicof" {Fly Dex+5 Slay-3}
  2645 | D:3      | Reached skill level 4 in Spellcasting
  2828 | D:3      | Killed Crazy Yiuf
  3027 | D:3      | Identified a scroll of acquirement
  3027 | D:3      | Acquired the ring of Palask {rCorr Str+4}
  3341 | D:4      | Reached XP level 7. HP: 38/46 MP: 6/13
  3495 | D:4      | Reached skill level 1 in Armour
  3606 | D:4      | Found a glowing drain.
  3610 | Sewer    | Entered a sewer
  3654 | Sewer    | Reached skill level 5 in Fire Magic
  5177 | D:4      | Learned a level 2 spell: Sublimation of Blood
  5229 | D:5      | Entered Level 5 of the Dungeon
  5280 | D:5      | Noticed Edmund
  5295 | D:5      | Killed Edmund
  5296 | D:5      | Reached skill level 5 in Spellcasting
  5391 | D:5      | Found Luruwki's Weapon Boutique.
  5626 | D:5      | Identified the +10 whip of Spores {vorpal, rF- rN+ Dex+3}
  5901 | D:5      | Gained mutation: A meltable shield of frost defends you.
                  | (SH +0) [demonic ancestry]
  5901 | D:5      | Reached XP level 8. HP: 52/52 MP: 13/16
  6039 | D:5      | Noticed Eustachio
  6044 | D:5      | Killed Eustachio
  6422 | D:6      | Found a staircase to the Ecumenical Temple.
  6446 | Temple   | Entered the Ecumenical Temple
  6465 | Temple   | Became a worshipper of Vehumet
  7182 | D:6      | Reached skill level 6 in Spellcasting
  7404 | D:6      | Found Boteh's General Store.
  7784 | D:7      | Gained mutation: You have a sharp stinger which inflicts
                  | weakening toxins. [demonic ancestry]
  7784 | D:7      | Reached XP level 9. HP: 45/57 MP: 10/19
  7788 | D:7      | Reached skill level 7 in Spellcasting
  7791 | D:7      | Noticed a two-headed ogre
  7792 | D:7      | Noticed Joseph
  8012 | D:7      | Reached skill level 1 in Maces & Flails
  8189 | D:7      | Killed Joseph
  8863 | D:7      | Reached skill level 8 in Spellcasting
  9023 | D:8      | Reached * piety under Vehumet
  9023 | D:8      | Offered knowledge of Magic Dart by Vehumet.
  9061 | D:8      | Found a staircase to the Lair.
  9064 | D:8      | Learned a level 1 spell: Magic Dart
  9252 | D:8      | Noticed a two-headed ogre
  9259 | D:8      | Killed a two-headed ogre
  9260 | D:8      | Reached skill level 5 in Conjurations
  9260 | D:8      | Gained mutation: A meltable icy envelope protects you from
                  | harm. (AC +0) [demonic ancestry]
  9260 | D:8      | Reached XP level 10. HP: 64/64 MP: 14/22
  9522 | D:8      | Noticed a cyclops
  9535 | D:8      | Reached skill level 9 in Spellcasting
  9602 | D:8      | Killed a cyclops
 10278 | D:8      | Learned a level 1 spell: Sandblast
 10282 | D:8      | Learned a level 3 spell: Stone Arrow
 10634 | D:9      | Noticed a rust devil
 10638 | D:9      | Noticed a rust devil
 10639 | D:9      | Noticed a smoke demon
 10641 | D:9      | Offered knowledge of Searing Ray by Vehumet.
 10692 | D:9      | Reached ** piety under Vehumet
 10694 | D:9      | Reached skill level 5 in Armour
 11514 | D:10     | Entered Level 10 of the Dungeon
 11538 | D:10     | Noticed a cyan ugly thing
 11543 | D:10     | Noticed a two-headed ogre
 11566 | D:9      | Killed a cyan ugly thing
 11567 | D:9      | Gained mutation: A meltable icy envelope protects you from
                  | harm. (AC +0) [demonic ancestry]
 11567 | D:9      | Reached XP level 11. HP: 54/69 MP: 16/24
 11616 | D:9      | Reached skill level 1 in Fighting
 11760 | D:10     | Noticed a two-headed ogre
 11766 | D:10     | Killed a two-headed ogre
 11767 | D:10     | Reached skill level 10 in Spellcasting
 12025 | D:10     | Reached skill level 1 in Shields
 12107 | D:10     | Killed a two-headed ogre
 12388 | D:10     | Learned a level 2 spell: Searing Ray
 12419 | D:11     | Found a runed translucent door.
 12494 | D:11     | Offered knowledge of Ignite Poison by Vehumet.
 12531 | D:11     | Noticed a boulder beetle
 12536 | D:11     | Noticed a two-headed ogre
 12677 | D:10     | Killed a two-headed ogre
 12678 | D:10     | Reached skill level 10 in Fire Magic
 12726 | D:10     | Killed a boulder beetle
 13169 | D:11     | Found a staircase to the Orcish Mines.
 13219 | D:11     | Reached *** piety under Vehumet
 13268 | D:11     | Noticed Sonja
 13272 | D:11     | Killed Sonja
 13273 | D:11     | Reached skill level 11 in Spellcasting
 13352 | D:11     | Noticed a rakshasa
 13502 | Lair:1   | Entered Level 1 of the Lair of Beasts
 13503 | Lair:1   | Noticed a boulder beetle
 13516 | D:8      | Learned a level 3 spell: Ignite Poison
 13621 | Lair:1   | Killed a boulder beetle
 13831 | Lair:1   | Noticed Nergalle
 13849 | Lair:1   | Noticed Erica
 13850 | Lair:1   | Killed Nergalle
 13851 | Lair:1   | Reached skill level 1 in Earth Magic
 13863 | Lair:1   | Killed Erica
 14049 | Lair:1   | Reached XP level 12. HP: 78/78 MP: 21/27
 14206 | Lair:1   | Found a blossoming altar of Fedhas.
 14207 | Lair:1   | Noticed Fannar
 14217 | Lair:1   | Killed Fannar
 14780 | Lair:2   | Offered knowledge of Fulminant Prism by Vehumet.
 14867 | Lair:2   | Found a hole to the Spider Nest.
 15415 | Lair:2   | Reached skill level 12 in Spellcasting
 15499 | Lair:2   | Reached skill level 1 in Necromancy
 15724 | Lair:2   | Noticed an eight-headed hydra
 15731 | Lair:2   | Killed an eight-headed hydra
 16030 | Lair:2   | Found a staircase to the Swamp.
 16385 | Lair:3   | Noticed a seven-headed hydra
 16391 | Lair:3   | Killed a seven-headed hydra
 16477 | Lair:3   | Noticed Snorg
 16479 | Lair:3   | Reached **** piety under Vehumet
 16485 | Lair:3   | Killed Snorg
 16494 | Lair:3   | Offered knowledge of Olgreb's Toxic Radiance by Vehumet.
 16904 | Lair:3   | Reached XP level 13. HP: 76/85 MP: 24/29
 17172 | Lair:3   | Learned a level 4 spell: Olgreb's Toxic Radiance
 17277 | Lair:4   | Reached skill level 13 in Spellcasting
 17473 | Lair:4   | Reached skill level 1 in Poison Magic
 17843 | Lair:4   | You are sucked into a shaft and drop 1 floor!
 17843 | Lair:5   | Entered Level 5 of the Lair of Beasts
 18636 | Lair:5   | Found a viscous altar of Jiyva.
 18636 | Lair:5   | Found a staircase to the Slime Pits.
 19060 | Lair:5   | Noticed a dire elephant
 19087 | Lair:5   | Killed a dire elephant
 19281 | Lair:5   | Noticed a dire elephant
 19441 | Lair:5   | Reached skill level 1 in Transmutations
 19447 | Lair:5   | Killed a dire elephant
 19448 | Lair:5   | Reached skill level 14 in Spellcasting
 19448 | Lair:5   | Reached skill level 5 in Poison Magic
 19603 | Lair:5   | Reached ***** piety under Vehumet
 19685 | Lair:5   | Offered knowledge of Yara's Violent Unravelling by Vehumet.
 20170 | Lair:5   | Gained mutation: You are mostly covered in slimy green
                  | scales. (AC +3) [demonic ancestry]
 20170 | Lair:5   | Reached XP level 14. HP: 90/91 MP: 18/32
 20521 | Lair:5   | Mangled by a sun demon

Illustrated notes

Levels and vault maps discovered:
D:1:      tarquinn_simple_flora_water_f, layout_basic,
          shapermc_ecumenical_altar_totnotflames
D:2:      layout_rooms, kennysheep_pointless_box
D:3:      layout_rooms, uniq_ijyb, uniq_sigmund, uniq_crazy_yiuf_cottage
D:4:      corexii_shack_village, layout_layer_cave, gup_sewer_entry_spiral
D:5:      layout_loops_ring, serial_shops, shop, mrwooster_statue_mirror,
          columned_hall_lemuel, kennysheep_generic_room_13, uniq_eustachio,
          uniq_edmund
D:6:      layout_cave_pools, temple_pool_b, serial_shops,
          nicolae_take_the_stairs
D:7:      layout_basic, minmay_misc_feat_plants, uniq_joseph
D:8:      layout_basic, erik_lair_orcish_takeover
D:9:      layout_loops_corners, nicolae_overflow_hidden_temple
D:10:     layout_cave_pools, st_stairs_13
D:11:     layout_gridville, david_orc_4, lightli_airlock, uniq_sonja
Temple:   nicolae_temple_the_god_donut
Lair:1:   layout_concentric_octagons, serial_bayou_pond_d, tgw_fedhas,
          infiniplex_staircase_pool_2, uniq_erica, uniq_nergalle, uniq_fannar
Lair:2:   layout_loops_ring, nicolae_swamp_entry_splash_gauntlet,
          nicolae_spider_entry_tight_spaces
Lair:3:   layout_misc_corridors, uniq_snorg
Lair:4:   layout_cave_pods, grunt_megastairs_2, uniq_kirke
Lair:5:   due_jungle_book, layout_loops_ring, minmay_slime_entry_pillars,
          lemuel_fruit_tree

Skill      XL: |  1  2  3  4  5  6  7  8  9 10 11 12 13 14 |
---------------+-------------------------------------------+-----
Dodging        | 2 3 |  3.9
Fire Magic     | 3 4 5 6 7 9 10 11 12 | 12.7
Spellcasting   | 3 4 5 6 8 9 11 12 14 | 14.2
Conjurations   | 2 3 4 5 7 8 |  8.9
Armour         | 2 3 4 5 6 |  6.4
Maces & Flails | 1 |  1.9
Fighting       | 2 |  2.5
Shields        | 1 |  1.6
Earth Magic    | 1 |  1.9
Necromancy     | 1 |  1.1
Poison Magic   | 5 6 |  6.1
Transmutations | 1 |  1.2
Staves         | |  0.3
Stealth        | |  1.7

Action                   |  1- 3 |  4- 6 |  7- 9 | 10-12 | 13-15 || total
-------------------------+-------+-------+-------+-------+-------++-------
Melee: Whip              |       |     2 |     6 |    33 |    22 ||    63
       Quarterstaff      |       |       |    11 |       |       ||    11
       Tailslap          |       |       |     5 |    16 |     7 ||    28
 Cast: Foxfire           |    59 |    72 |   146 |   367 |   136 ||   780
       Scorch            |       |    10 |    67 |   133 |    74 ||   284
       Sublimation of Bl |       |       |     4 |     5 |       ||     9
       Flame Wave        |       |       |       |    25 |     2 ||    27
       Stone Arrow       |       |       |       |    17 |    18 ||    35
       Sandblast         |       |       |       |     5 |       ||     5
       Olgreb's Toxic Ra |       |       |       |       |    44 ||    44
       Ignite Poison     |       |       |       |       |    43 ||    43
  Use: Potion            |       |     2 |     4 |       |     2 ||     8
       Scroll            |       |    10 |    10 |     5 |     5 ||    30
Armor: Robe              |    12 |     2 |       |       |       ||    14
       Ring mail         |       |     3 |    19 |    78 |    64 ||   164
Dodge: Dodged            |    13 |    18 |    27 |   144 |   108 ||   310
Block: Other             |       |       |     4 |    33 |    24 ||    61

Table legend: (Time is in decaauts)
 A = Elapsed time spent in this place.
 B = Non-inter-level travel time spent in this place.
 C = Inter-level travel time spent in this place.
 D = Time resting spent in this place.
 E = Time spent auto-exploring this place.
 F = Levels seen in this place.
 G = Mean time per level.
                   A        B        C        D        E       F      G
               +--------+--------+--------+--------+--------+-----+--------+
         Total |  20550 |  20092 |    458 |    819 |  15902 |  18 | 1141.7 |
       Dungeon |  12682 |  12365 |    317 |    450 |   9810 |  11 | 1152.9 |
        Temple |    639 |    612 |     27 |      0 |    590 |   1 |  639.0 |
          Lair |   7035 |   6922 |    113 |    369 |   5349 |   5 | 1407.0 |
         Sewer |    192 |    192 |      0 |      0 |    153 |   1 |  192.0 |
               +--------+--------+--------+--------+--------+-----+--------+

Top non-repeatable levels by time:
  Lair:5: 2682 daAuts
     D:4: 1984 daAuts
  Lair:2: 1714 daAuts
     D:8: 1449 daAuts
     D:9: 1404 daAuts
  Lair:1: 1124 daAuts
     D:1: 1084 daAuts
     D:3: 1067 daAuts
     D:5: 1059 daAuts
     D:6: 1016 daAuts
    D:10: 1006 daAuts
     D:7: 994 daAuts
  Lair:3: 933 daAuts
     D:2: 897 daAuts
    D:11: 717 daAuts
